 Dungeon Crawl Stone Soup version 0.28-a0-1002-gf00fe891ef (webtiles) character file.

Game seed: 3876368168838826000

2549 vineage the Fighter (level 9, 0/69 HPs)
             Began as a Gargoyle Fighter on Dec 6, 2021.
             Was an Initiate of Okawaru.
             Slain by a wight (1 damage)
             ... on level 7 of the Dungeon.
             The game lasted 00:09:06 (8839 turns).

vineage the Fighter (Gargoyle Fighter)              Turns: 8839, Time: 00:09:06

Health: 0/69       AC: 16    Str: 26    XL:     9   Next: 56%
Magic:  9/9        EV:  7    Int:  9    God:    Okawaru [......]
Gold:   377        SH:  8    Dex: 13    Spells: 8/8 levels left

rFire   . . .      SeeInvis .   j - +5 dagger "Heiph" {freeze, rCorr}
rCold   . . .      Faith    .   h - +0 kite shield
rNeg    + . .      Spirit   .   b - +0 scale mail
rPois   ∞          Reflect  .   f - +2 helmet
rElec   +          Harm     .   (no cloak)
rCorr   +          Rampage  .   (no gloves)
Will    .....                   (no boots)
Stlth   ..........              (no amulet)
HPRegen 0.21/turn               e - +6 ring of strength
MPRegen 0.11/turn               (no ring)

@: no status effects
A: sickness immunity, AC +6, negative energy resistance 1, electricity
resistance, torment resistance 1, petrification resistance
a: Renounce Religion


You were on level 7 of the Dungeon.
You worshipped Okawaru.
Okawaru was noncommittal.
You visited 2 branches of the dungeon, and saw 8 of its levels.

You collected 559 gold pieces.
You spent 182 gold pieces at shops.

Inventory:

Hand Weapons
 a - a +0 flail
 d - a +2 vorpal flail
 j - the +5 dagger "Heiph" (weapon) {freeze, rCorr}
   (You bought it in a shop on level 3 of the Dungeon)

   It freezes those it strikes, dealing additional cold damage.
   It can also slow down cold-blooded creatures.
   rCorr:     It protects you from acid and corrosion.
Armour
 b - a +0 scale mail (worn)
 c - a +0 buckler
 f - a +2 helmet (worn)
 h - a +0 kite shield (worn)
Jewellery
 e - a +6 ring of strength (left hand)
 o - a +6 ring of dexterity
Wands
 t - a wand of mindburst (10)
Scrolls
 g - 4 scrolls of teleportation
 i - 5 scrolls of identify
 k - a scroll of amnesia
 r - a scroll of enchant weapon
 u - a scroll of fog {unknown}
 v - a scroll of acquirement {unknown}
Potions
 l - a potion of magic
 n - 2 potions of attraction {unknown}
 p - a potion of resistance {unknown}
 q - 2 potions of mutation {unknown}
 s - 2 potions of degeneration {unknown}


   Skills:
 + Level 14.0 Fighting
 - Level 2.0 Maces & Flails
 - Level 3.2 Armour
 - Level 3.2 Shields


You had 8 spell levels left.
You didn't know any spells.
Your spell library contained the following spells:

 Spells                   Type           Power      Damage    Failure   Level
 Slow                     Hex            0%         N/A       99%         1
 Ensorcelled Hibernation  Hex/Ice        0%         N/A       99%         2
 Wereblood                Tmut           0%         N/A       99%         2
 Confusing Touch          Hex            0%         N/A       100%        3
 Spider Form              Tmut/Pois      0%         N/A       100%        3
 Vampiric Draining        Necr           0%         2d6       100%        3
 Alistair's Intoxication  Tmut/Pois      0%         N/A       100%        5
 Borgnjor's Vile Clutch   Necr/Erth      0%         N/A       100%        5
 Eringya's Noxious Bog    Tmut/Pois      0%         N/A       100%        6
 Sublimation of Blood     Necr           Unusable   N/A       N/A         2
 Tukima's Dance           Hex            Unusable   N/A       N/A         3
 Summon Hydra             Summ           Unusable   N/A       N/A         7

Dungeon Overview and Level Annotations

Branches:
Dungeon (7/15)             Temple (1/1) D:6

Altars:
Cheibriados
Dithmenos
Fedhas
Gozag
Hepliaklqana
Kikubaaqudgha
Okawaru
Ru
Sif Muna
Trog
Vehumet
Wu Jian
Xom
Yredelemnul
Zin
The Shining One

Shops:
D:3 (


Innate Abilities, Weirdness & Mutations

You are immune to sickness and miasma.
Your stone body is resilient. (AC +6)
You are immune to poison.
You resist negative energy. (rN+)
You are resistant to electric shocks. (rElec)
You are resistant to unholy torment.
You are immune to petrification.


Message History

The wight is heavily damaged.
You block the wight's attack. The wight hits you but does no damage.
You hit the wight but do no damage.
The wight is heavily damaged.
The wight misses you.
You hit the wight.
The wight is almost destroyed.
The wight barely misses you.
You closely miss the wight.
The wight is almost destroyed.
The wight closely misses you.
You hit the wight.
The wight is almost destroyed.
The wight hits you but does no damage. x2
You hit the wight.
You destroy the wight!
Okawaru accepts your kill.
The wight hits you with a +3 scimitar of freezing!
* * * LOW HITPOINT WARNING * * *
The wight freezes you.
* * * LOW HITPOINT WARNING * * *
Your Fighting skill increases to level 14!
You barely miss the wight. The wight hits you but does no damage.
You puncture the wight!
The wight is heavily damaged.
The wight hits you but does no damage.
You barely miss the wight.
The wight is heavily damaged.
The wight hits you with a +3 scimitar of freezing.
* * * LOW HITPOINT WARNING * * *
The wight freezes you.
* * * LOW HITPOINT WARNING * * *
You hit the wight.
The wight is heavily damaged.
You block the wight's attack.
It was a potion of magic.
Magic courses through your body.
The wight hits you with a +3 scimitar of freezing.
* * * LOW HITPOINT WARNING * * *
The wight freezes you.
You die...

....# #.### ....#
#.#.#### #.# '####
#.#....# #.#
....###.#.##.# #.#
.#.#.......#.# #.#
.#.####....#.# #.#
.#.#.......#.# #.#
.#.#.##.#..#.###z#
.#.#.#.........#@#
.#.#.####..#.#.#.####
.#.#....#....#.#....#
#...).......#.#.####
#[..........#.....#
#..#.....##.....#.#
#....#.####.....#.#
##..###..........# #
...................#


You could see a wight.

Vanquished Creatures
  A troll (D:6)
  Grinder (D:3)
  Sigmund (D:3)
  A steam dragon (D:4)
  3 water moccasins
  An ice beast (D:6)
  A sky beast (D:5)
  An ogre (D:3)
  A bullfrog (D:7)
  2 scorpions
  A wyvern skeleton (D:7)
  2 wights (D:7)
  2 howler monkeys
  A bullfrog zombie (D:5)
  A gnoll shaman (D:5)
  A hound (D:5)
  An orc priest (D:5)
  A bullfrog skeleton (D:5)
  2 centaur skeletons (D:7)
  6 iguanas
  5 orc wizards
  15 gnolls
  7 adders
  A shadow imp (D:7)
  A white imp (D:4)
  2 adder skeletons (D:4)
  3 worms
  4 dart slugs
  16 orcs
  6 ball pythons
  4 bats
  5 endoplasms
  9 giant cockroaches
  8 goblins
  5 hobgoblins
  4 jackals (D:3)
  3 kobolds
  11 quokkas
  3 frilled lizards
  8 rats
151 creatures vanquished.

Notes
Turn   | Place    | Note
-------+----------+-------------------------------------------
     0 | D:1      | vineage the Gargoyle Fighter began the quest for the Orb.
     0 | D:1      | Reached XP level 1. HP: 14/14 MP: 1/1
   286 | D:1      | Reached XP level 2. HP: 18/20 MP: 2/2
   323 | D:1      | Reached skill level 4 in Fighting
  1097 | D:1      | Reached XP level 3. HP: 24/24 MP: 3/3
  1311 | D:2      | Reached skill level 5 in Fighting
  1441 | D:2      | Found a faded altar of an unknown god.
  1465 | D:2      | Reached XP level 4. HP: 31/31 MP: 4/4
  1920 | D:3      | Noticed Sigmund
  1952 | D:3      | HP: 1/48 [Sigmund (4)]
  1959 | D:3      | Killed Sigmund
  1960 | D:3      | Reached skill level 7 in Fighting
  1960 | D:3      | Reached XP level 5. HP: 8/38 MP: 5/5
  1960 | D:3      | Reached XP level 6. HP: 9/44 MP: 6/6
  2285 | D:3      | Noticed Grinder
  2294 | D:3      | Paralysed by Grinder for 7 turns
  2303 | D:3      | Killed Grinder
  2304 | D:3      | Reached skill level 8 in Fighting
  2304 | D:3      | Reached XP level 7. HP: 37/50 MP: 7/7
  2752 | D:3      | Reached skill level 9 in Fighting
  3119 | D:3      | Found Jox Nenke's Antique Weapon Shop.
  3127 | D:3      | Bought a steaming dagger for 182 gold pieces
  3127 | D:3      | Identified the +5 dagger "Heiph" {freeze, rCorr} (You
                  | bought it in a shop on level 3 of the Dungeon)
  3296 | D:4      | Noticed a steam dragon
  3333 | D:4      | Killed a steam dragon
  3774 | D:5      | Entered Level 5 of the Dungeon
  3885 | D:5      | Reached skill level 10 in Fighting
  3953 | D:5      | Reached XP level 8. HP: 39/57 MP: 8/8
  4404 | D:4      | Found a blossoming altar of Fedhas.
  5018 | D:5      | Reached skill level 11 in Fighting
  6281 | D:6      | Reached skill level 12 in Fighting
  6579 | D:6      | Noticed a troll
  6589 | D:6      | Killed a troll
  6590 | D:6      | Reached XP level 9. HP: 35/67 MP: 9/9
  6990 | D:6      | Found a shimmering altar of Xom.
  6991 | D:6      | Found a bloodstained altar of Trog.
  7063 | D:6      | Found a staircase to the Ecumenical Temple.
  7313 | Temple   | Entered the Ecumenical Temple
  7366 | Temple   | Became a worshipper of Warmaster Okawaru
  7416 | D:6      | Reached skill level 13 in Fighting
  8835 | D:7      | Reached skill level 14 in Fighting
  8839 | D:7      | HP: 1/69 [wight (4)]
  8839 | D:7      | Slain by a wight

Illustrated notes

Levels and vault maps discovered:
D:1:      dpeg_arrival_concentric_ovals, layout_loops_ring
D:2:      layout_rooms, chequers_ecumenical_altar_island
D:3:      minmay_wonky_spiral, layout_basic, serial_shops, shop,
          item_on_display_a, uniq_grinder, uniq_sigmund
D:4:      layout_rooms, amcnicky_altar_gilded
D:5:      layout_basic, portal_sewer_entry_f, corexii_hall_statues_x,
          minmay_fractal_squares_gapless_5
D:6:      layout_cave_pods, mainiacjoe_overflow_catwalk_spiral,
          minmay_temple_entry_antechambers, minmay_increasing_density
D:7:      layout_basic
Temple:   eino_temple_rhombus

Skill      XL: |  1  2  3  4  5  6  7  8  9 |
---------------+----------------------------+-----
Fighting       | 4 5 7 8 10 12 14 | 14.0
Maces & Flails | |  2.0
Armour         | |  3.2
Shields        | |  3.2

Action                   |  1- 3 |  4- 6 |  7- 9 || total
-------------------------+-------+-------+-------++-------
Melee: Flail             |   106 |    85 |    62 ||   253
       Dagger            |       |       |   443 ||   443
  Use: Scroll            |     2 |       |     8 ||    10
       Potion            |       |     5 |     6 ||    11
Armor: Scale mail        |    59 |    39 |   323 ||   421
       Skin              |       |    13 |    55 ||    68
Dodge: Dodged            |    42 |    30 |   172 ||   244
Block: Buckler           |    29 |    19 |     3 ||    51
       Kite shield       |       |       |   250 ||   250

Table legend: (Time is in decaauts)
 A = Elapsed time spent in this place.
 B = Non-inter-level travel time spent in this place.
 C = Inter-level travel time spent in this place.
 D = Time resting spent in this place.
 E = Time spent auto-exploring this place.
 F = Levels seen in this place.
 G = Mean time per level.
                   A        B        C        D        E       F      G
               +--------+--------+--------+--------+--------+-----+--------+
         Total |   9064 |   8557 |    507 |   1370 |   5681 |   8 | 1133.0 |
       Dungeon |   8994 |   8514 |    480 |   1370 |   5648 |   7 | 1284.9 |
        Temple |     69 |     42 |     27 |      0 |     33 |   1 |   69.0 |
               +--------+--------+--------+--------+--------+-----+--------+

Top non-repeatable levels by time:
     D:6: 1988 daAuts
     D:5: 1864 daAuts
     D:3: 1496 daAuts
     D:1: 1146 daAuts
     D:4: 1072 daAuts
     D:2: 753 daAuts
     D:7: 672 daAuts
  Temple: 69 daAuts
